 Dungeon Crawl Stone Soup version 0.31-a0-851-g7ff8af7976 (webtiles) character file.

Game seed: 16003512026326470920

44998 Dirtsage the Brawler (level 13, -1/159 HPs)
             Began as a Demonspawn Berserker on Oct 6, 2023.
             Was a High Priest of Trog.
             Slain by a bone dragon (11 damage)
             ... on level 3 of the Abyss.
             The game lasted 00:27:46 (12022 turns).

Dirtsage the Brawler (Demonspawn Berserker)        Turns: 12022, Time: 00:27:47

Health: -1/159     AC: 16    Str: 21 (22) XL:     13   Next: 99%
Magic:  13/13      EV: 10    Int:  9 (10) God:    Trog [*****.]
Gold:   632        SH: 11    Dex: 12      Spells: 12/12 levels left

rFire   + .          .
                       - Unarmed
rCold   + . .        L - +0 kite shield
rNeg    . . .        b - +2 ring mail {rF+}
rPois   .            P - +2 hat
rElec   .            s - scarf {repulsion}
rCorr   .            (gloves unavailable)
SInv    .            p - +0 pair of boots
Will    .....        r - amulet of regeneration Stlth
                     I - ring of protection from cold
HPRegen 0.00/turn    u - +4 ring of protection
MPRegen 0.13/turn

%: repel missiles
@: berserking, sick, very quick
A: claws 3, icy blue scales 1, spiny 1
a: Renounce Religion, Berserk, Trog's Hand, Brothers in Arms


You were on level 3 of the Abyss.
You worshipped Trog.
Trog was extremely pleased with you.
You visited 3 branches of the dungeon, and saw 16 of its levels.
You visited the Abyss 1 time.

You collected 762 gold pieces.
You spent 130 gold pieces at shops.

Inventory:

Hand Weapons
 a - a +0 hand axe
Missiles
 y - 2 throwing nets
 C - a curare-tipped dart
Armour
 b - a +2 ring mail of fire resistance (worn)
 p - a +0 pair of boots (worn)
 q - a +0 cloak
 s - a scarf of repulsion (worn)
 L - a +0 kite shield (worn)
 P - a +2 hat (worn)
Jewellery
 r - an amulet of regeneration (around neck)
 u - a +4 ring of protection (right claw)
 G - an amulet of magic regeneration
 H - a +6 ring of dexterity
 I - a ring of protection from cold (left claw)
 K - a ring of magical power
 N - a ring of positive energy
 S - a ring of see invisible
Wands
 t - a wand of roots (10)
 D - a wand of digging (6)
 E - a wand of charming (3)
 F - a wand of flame (14)
 U - a wand of mindburst (17)
Scrolls
 c - 4 scrolls of poison {unknown}
 d - a scroll of fog {unknown}
 g - 4 scrolls of fear
 h - a scroll of butterflies {unknown}
 i - 4 scrolls of identify
 k - 5 scrolls of teleportation {unknown}
 m - 2 scrolls of enchant armour {unknown}
 v - 3 scrolls of vulnerability {unknown}
 x - a scroll of amnesia
 B - 2 scrolls of blinking
 M - a scroll of noise {unknown}
 R - a scroll of torment {unknown}
 V - a scroll of revelation {unknown}
Potions
 e - 5 potions of might {unknown}
 f - 3 potions of mutation
 j - a potion of invisibility {unknown}
 l - 4 potions of heal wounds
 n - 2 potions of resistance
 o - 3 potions of degeneration {unknown}
 w - a potion of magic {unknown}
 z - a potion of brilliance {unknown}
 A - 2 potions of curing {unknown}
 J - a potion of enlightenment {unknown}
 Q - 3 potions of attraction {unknown}
 T - a potion of ambrosia {unknown}
 W - a potion of lignification {unknown}
Miscellaneous
 O - a sack of spiders


   Skills:
 + Level 11.0 Fighting
 - Level 6.4 Axes
 + Level 3.0 Armour
 + Level 2.8 Dodging
 * Level 11.4 Shields
 + Level 15.6 Unarmed Combat


You had 12 spell levels left.
You didn't know any spells.
Your spell library contained the following spells:

 Spells                   Type           Power      Damage    Failure   Level
 Apportation              Tloc           0%         N/A       75%         1
 Freeze                   Ice            0%         1d3       75%         1
 Kiss of Death            Conj/Necr      0%         2d5       75%         1
 Cigotuvi's Dreadful Rot  Necr/Pois/Air  0%         N/A       87%         2
 Ensorcelled Hibernation  Hex/Ice        0%         N/A       87%         2
 Jinxbite                 Hex            0%         N/A       87%         2
 Passwall                 Tmut/Erth      0%         N/A       87%         2
 Scorch                   Fire           0%         2d5       87%         2
 Static Discharge         Conj/Air       0%         2-2/arc   87%         2
 Confusing Touch          Hex            0%         N/A       98%         3
 Frozen Ramparts          Ice            0%         1d1       98%         3
 Gell's Gravitas          Tloc           0%         N/A       98%         3
 Hailstorm                Conj/Ice       0%         3d3       98%         3
 Ignite Poison            Fire/Tmut/Pois 0%         N/A       98%         3
 Swiftness                Air            0%         N/A       98%         3
 Teleport Other           Tloc           0%         N/A       98%         3
 Airstrike                Air            0%         2d(0-16)  100%        4
 Dispel Undead            Necr           0%         3d6       100%        4
 Flame Wave               Conj/Fire      0%         2d4       100%        4
 Passage of Golubria      Tloc           0%         N/A       100%        4
 Summon Lightning Spire   Summ/Air       0%         N/A       100%        4
 Alistair's Intoxication  Tmut/Pois      0%         N/A       100%        5
 Freezing Cloud           Conj/Ice/Air   0%         6-21      100%        5
 Silence                  Hex/Air        0%         N/A       100%        5
 Summon Forest            Summ/Tloc      0%         N/A       100%        5
 Dispersal                Tloc           0%         N/A       100%        6
 Eringya's Noxious Bog    Tmut/Pois      0%         4d6       100%        6
 Summon Cactus Giant      Summ           0%         N/A       100%        6
 Summon Hydra             Summ           0%         N/A       100%        7
 Lehudib's Crystal Spear  Conj/Erth      0%         10d2      100%        8


Dungeon Overview and Level Annotations

Branches:
Dungeon (10/15)            Temple (1/1) D:7            Lair (5/5) D:10
 Shoals (0/4) Lair:3       Spider (0/4) Lair:3        Slime (0/5) Lair:4
    Orc: D:9-12

Altars:
Ashenzari
Cheibriados
Dithmenos
Fedhas
Gozag
Hepliaklqana
Kikubaaqudgha
Makhleb
Nemelex Xobeh
Okawaru
Qazlal
Ru
Sif Muna
Trog
Uskayaw
Vehumet
Wu Jian
Xom

Shops:
D:5 (   D:7 **   D:8 *

Annotations:
D:9 1 runed translucent door, Dirtsage's ghost, novice DsBe


Innate Abilities, Weirdness & Mutations

You have claws for hands.
You are partially covered in icy blue scales. (AC +2)
You are partially covered in sharp spines.


Message History

Trog accepts your kill.
You feel your intelligence returning.
Your Armour skill increases to level 3!
A small abomination comes into view.
You claw the bone dragon!
The bone dragon is lightly damaged.
The bone dragon bites you!!
* * * LOW HITPOINT WARNING * * *
The bone dragon claws you!
* * * LOW HITPOINT WARNING * * *
The bone dragon tramples you but does no damage.
The small abomination hits you but does no damage.
You take 35 damage, and have 16/106 hp.
MASSIVE DAMAGE!!
You barely miss the bone dragon.
The bone dragon is lightly damaged.
You block the small abomination's attack.
The bone dragon bites you but does no damage.
The bone dragon claws you.
* * * LOW HITPOINT WARNING * * *
You block the bone dragon's attack.
The smoke demon is struck by your spines.
The smoke demon hits you but does no damage.
The smoke demon closely misses you. You block the smoke demon's attack.
You take 2 damage, and have 14/106 hp.
A red film seems to cover your vision as you go berserk!
You feel yourself moving faster!
You feel mighty!
The small abomination barely misses you.
You block the bone dragon's attack. The bone dragon claws you.
* * * LOW HITPOINT WARNING * * *
The bone dragon tramples you!
* * * LOW HITPOINT WARNING * * *
You stumble backwards!
You now have 10/159 hp.
You mangle the bone dragon!!
The bone dragon is moderately damaged.
You barely miss the bone dragon.
The bone dragon is moderately damaged.
The bone dragon bites you but does no damage.
The bone dragon claws you!
You die...

..X ## # . #.
.. . # . #..#.5
### #. ..3.##.#
. ... ..#.#.##
. . #...##.# #
. #...#.## # #.
#†...# #.#..
#@## #.#.###D3#
# .# #...x..# .
...#...#....#
~~~.~~~~.##....
~~~~.~~.~ #####
..♣#.~≈~..~
#..##.. ... . .


You could see a bone dragon, a smoke demon and a small abomination.

Vanquished Creatures
  Gastronok (Lair:3)
  A tentacled starspawn (Abyss:3)
  A dire elephant (Lair:5)
  3 hydras
  A two-headed ogre (D:5)
  2 death yaks (Lair:4)
  A sun demon (Abyss:3)
  3 skysharks
  A fire crab (Lair:3)
  A wretched star (Abyss:3)
  4 harpies (Lair:3)
  The ghost of Tenar the Shield-Bearer, a novice FoFi (D:6)
  A worldbinder (Abyss:3)
  3 elephants (Lair:4)
  An apocalypse crab (Abyss:3)
  8 black mambas
  2 smoke demons (Abyss:3)
  4 torpor snails
  A centaur skeleton (Abyss:3)
  9 cane toads
  7 rime drakes
  9 komodo dragons
  2 ancient zymes (Abyss:3)
  2 large abominations (Abyss:3)
  A hornet (D:9)
  Grinder (D:3)
  2 raiju (Abyss:3)
  13 blink frogs
  A shadow (Abyss:3)
  49 yaks
  5 basilisks
  3 wyverns
  3 fire bats (Lair:4)
  A chaos spawn (Abyss:3)
  A neqoxec (Abyss:3)
  3 steam dragons
  An acid dragon (D:7)
  11 water moccasins
  An orc warrior (D:6)
  A sky beast (D:7)
  A black bear (D:8)
  3 small abominations (Abyss:3)
  An ettin simulacrum (Abyss:3)
  12 wolves
  3 ogres (D:5)
  3 centaurs
  A phantom (D:2)
  2 kobold brigands
  10 bullfrogs
  2 scorpions
  2 gnoll sergeants
  18 wights
  4 killer bees (D:8)
  2 quasits (Abyss:3)
  A gnoll bouda (D:8)
  6 orc priests
  4 hounds
  8 iguanas
  3 jellies (Lair:4)
  2 sleepcaps
  Jessica (D:2)
  Natasha (twice) (D:2)
  5 orc wizards
  A mummy (D:4)
  16 gnolls
  11 adders
  A shadow imp (D:6)
  2 white imps (Abyss:3)
  2 ufetubi
  3 worms
  2 dart slugs
  31 orcs
  6 endoplasms
  6 giant cockroaches
  6 goblins
  5 hobgoblins
  3 jackals (D:1)
  2 quokkas
  4 ball pythons
  4 bats
  A hobgoblin zombie (D:4)
  19 kobolds
  3 orc zombies (D:4)
  7 rats
  A starspawn tentacle (Abyss:3)
398 creatures vanquished.

Vanquished Creatures (others)
  3 starspawn tentacles (Abyss:3)
3 creatures vanquished.

Grand Total: 401 creatures vanquished

Notes
Turn   | Place    | Note
-------+----------+-------------------------------------------
     0 | D:1      | Dirtsage the Demonspawn Berserker began the quest for the
                  | Orb.
     0 | D:1      | Reached XP level 1. HP: 18/18 MP: 1/1
   217 | D:1      | Gained mutation: You are partially covered in icy blue
                  | scales. (AC +2) [demonic ancestry]
   217 | D:1      | Reached XP level 2. HP: 24/24 MP: 2/2
   824 | D:2      | Noticed Jessica
   830 | D:2      | Killed Jessica
   831 | D:2      | Reached XP level 3. HP: 23/29 MP: 3/3
  1084 | D:2      | Gained mutation: You are partially covered in sharp spines.
                  | [demonic ancestry]
  1084 | D:2      | Reached XP level 4. HP: 35/35 MP: 4/4
  1132 | D:2      | Noticed a phantom
  1142 | D:2      | Killed a phantom
  1143 | D:2      | Reached skill level 5 in Axes
  1143 | D:2      | Reached XP level 5. HP: 41/41 MP: 5/5
  1272 | D:2      | Reached ** piety under Trog
  1341 | D:2      | Noticed Natasha
  1349 | D:2      | Killed Natasha
  1431 | D:3      | You fall into a shaft and drop 3 floors!
  1488 | D:6      | Gained mutation: You have sharp fingernails. [demonic
                  | ancestry]
  1488 | D:6      | Reached XP level 6. HP: 38/47 MP: 6/6
  1489 | D:5      | Entered Level 5 of the Dungeon
  1521 | D:5      | Noticed a water moccasin
  1539 | D:4      | Killed a water moccasin
  1540 | D:4      | Reached skill level 2 in Unarmed Combat
  1901 | D:4      | Reached skill level 3 in Unarmed Combat
  1911 | D:4      | Reached XP level 7. HP: 51/52 MP: 7/7
  2167 | D:3      | Noticed Grinder
  2174 | D:3      | Paralysed by Grinder for 3 turns
  2232 | D:2      | Noticed Natasha
  2238 | D:2      | Killed Natasha
  2301 | D:3      | Killed Grinder
  2302 | D:3      | Reached skill level 5 in Unarmed Combat
  2428 | D:3      | Found a faded altar of an unknown god.
  2428 | D:3      | Found a faded altar of an unknown god.
  2439 | D:3      | Found a hide-covered altar of Uskayaw.
  2441 | D:3      | Found an iron altar of Okawaru.
  3181 | D:4      | Found a radiant altar of Vehumet.
  3295 | D:5      | Gained mutation: You have very sharp fingernails. [demonic
                  | ancestry]
  3295 | D:5      | Reached XP level 8. HP: 58/58 MP: 8/8
  3297 | D:5      | Reached skill level 6 in Unarmed Combat
  3342 | D:5      | Noticed a two-headed ogre
  3363 | D:5      | Killed a two-headed ogre
  3364 | D:5      | Reached skill level 8 in Unarmed Combat
  3410 | D:5      | Reached *** piety under Trog
  3472 | D:5      | Reached XP level 9. HP: 63/64 MP: 9/9
  3480 | D:5      | Found Darias's Antique Weapon Boutique.
  3650 | D:6      | Reached skill level 9 in Unarmed Combat
  4013 | D:6      | Identified the +5 mace of Ibabrius {venom, *Rage rC+ MP+9
                  | Dex+6}
  4229 | D:6      | Found a runed translucent door.
  4241 | D:6      | Noticed Tenar's ghost (novice FoFi)
  4288 | D:6      | Killed Tenar's ghost
  4289 | D:6      | Reached skill level 10 in Unarmed Combat
  4602 | D:6      | Reached skill level 5 in Fighting
  4888 | D:7      | Found a broken altar of Ashenzari.
  4960 | D:7      | Found a staircase to the Ecumenical Temple.
  4968 | Temple   | Entered the Ecumenical Temple
  5044 | D:7      | Gained mutation: You have claws for hands. [demonic
                  | ancestry]
  5044 | D:7      | Reached XP level 10. HP: 73/76 MP: 10/10
  5068 | D:7      | Found Hac Cikh's Specific Store.
  5070 | D:7      | Found Barupnie's General Store.
  5074 | D:7      | Bought a potion of mutation for 104 gold pieces
  5074 | D:7      | Bought a scroll of identify for 26 gold pieces
  5123 | D:7      | Reached skill level 11 in Unarmed Combat
  5187 | D:7      | Reached **** piety under Trog
  5741 | D:8      | Found Ameele's Assorted Antiques.
  5965 | D:8      | Found an ancient bone altar of Kikubaaqudgha.
  5998 | D:8      | Reached skill level 1 in Shields
  6410 | D:8      | Reached skill level 12 in Unarmed Combat
  6412 | D:8      | Reached ***** piety under Trog
  6588 | D:9      | Reached XP level 11. HP: 76/84 MP: 11/11
  6676 | D:9      | Noticed Dirtsage's ghost (novice DsBe)
  6677 | D:9      | Found a runed translucent door.
  7180 | D:10     | Entered Level 10 of the Dungeon
  7191 | D:10     | Found a staircase to the Lair.
  7207 | Lair:1   | Entered Level 1 of the Lair of Beasts
  7219 | Lair:1   | Reached skill level 5 in Shields
  7869 | Lair:1   | Reached skill level 13 in Unarmed Combat
  8328 | Lair:2   | Noticed a skyshark
  8346 | Lair:2   | Killed a skyshark
  8354 | Lair:2   | Reached XP level 12. HP: 58/94 MP: 12/12
  9064 | Lair:3   | Found a hole to the Spider Nest.
  9108 | Lair:3   | Noticed Gastronok
  9121 | Lair:3   | Killed Gastronok
  9185 | Lair:3   | Reached skill level 14 in Unarmed Combat
  9404 | Lair:3   | Noticed a four-headed hydra
  9444 | Lair:3   | Found a staircase to the Shoals.
  9487 | Lair:3   | Killed an eight-headed hydra
  9575 | Lair:3   | Reached ****** piety under Trog
 10015 | Lair:4   | Reached XP level 13. HP: 89/103 MP: 13/13
 10027 | Lair:4   | Reached skill level 10 in Fighting
 10140 | Lair:4   | Received a gift from Trog
 10286 | Lair:4   | Reached skill level 10 in Shields
 10303 | Lair:4   | Reached skill level 15 in Unarmed Combat
 10882 | Lair:4   | Found a staircase to the Slime Pits.
 11238 | Lair:5   | Entered Level 5 of the Lair of Beasts
 11254 | Lair:5   | Identified the +6 quarterstaff "Qaurec" {protect, rElec
                  | Int+2 Dex+3 SInv}
 11473 | Lair:5   | Noticed a dire elephant
 11483 | Lair:5   | Killed a dire elephant
 11621 | Abyss:3  | Found a corrupted altar of Lugonu.
 11621 | Abyss:3  | Cast into level 3 of the Abyss (a wizard)
 11674 | Abyss:3  | Paralysed by you for 4 turns
 11826 | Abyss:3  | Received a gift from Trog
 11877 | Abyss:3  | Noticed a tentacled starspawn
 11904 | Abyss:3  | Killed a tentacled starspawn
 12013 | Abyss:3  | Noticed a bone dragon
 12022 | Abyss:3  | Slain by a bone dragon

Illustrated notes

Levels and vault maps discovered:
D:1:      dpeg_arrival_renting, layout_basic, minmay_pentomino_x4
D:2:      layout_basic, uniq_jessica, uniq_natasha
D:3:      minmay_evil_eye, layout_loops_ring,
          chequers_temple_overflow_minitemple, minmay_misc_feat_enclosed,
          minmay_misc_feat_tiny, reono_crystal_passage, uniq_grinder
D:4:      layout_cave_pools, nicolae_overflow_hidden_temple, minmay_mini_ossuary
D:5:      layout_rooms, serial_shops,
          nicolae_shop_temple_entry_statues_fountains, minmay_misc_feat_tower,
          moated_statue, st_stairs_7
D:6:      layout_basic, gammafunk_ghost_grave
D:7:      layout_basic, nicolae_ashenzari_skybound, minmay_temple_entry_ruins,
          nicolae_specific_store, corexii_corridor_pit
D:8:      layout_basic, mainiacjoe_overflow_large_starburst, serial_shops,
          nicolae_shop_hallway_plus
D:9:      layout_cross, serial_column_ruins, column_ruins_hut,
          column_ruins_corridor_straight, column_ruins_columns_straight,
          column_ruins_grid_3, hellmonk_ghost_big_iron
D:10:     layout_roguey, marbit_many_paths, lair_entry_dummy,
          minmay_orc_entry_guard_dogs, wad_floor_pattern_untrapped,
          st_stairs_10, nicolae_sextant
Temple:   dpeg_chambers_temple
Lair:1:   layout_roguey
Lair:2:   layout_regular_city, serial_bayou_shore_b
Lair:3:   layout_gridlike, nicolae_shoals_entry_roost, dummy_spider_entry,
          serial_forest, infiniplex_forest_clump_small,
          infiniplex_forest_clump_double, infiniplex_forest_lined_1,
          infiniplex_forest_corner_1, infiniplex_forest_clump_large,
          infiniplex_forest_lined_2, infiniplex_forest_side_room, uniq_gastronok
Lair:4:   layout_gridlike, nicolae_slime_entry_field_trip,
          kennysheep_basilisk_garden, grunt_megastairs_5, serial_bayou_shore_a
Lair:5:   evil_forest, layout_layer_cave
Abyss:3:  base: D:8, evilmike_abyss_exit_glass, bh_abyss_negative

Skill      XL: |  1  2  3  4  5  6  7  8  9 10 11 12 13 |
---------------+----------------------------------------+-----
Axes           | 3 4 5 6 |  6.4
Unarmed Combat | 3 5 8 10 12 13 14 15 | 15.6
Fighting       | 5 7 8 9 11 | 11.0
Shields        | 4 7 9 11 | 11.4
Armour         | 3 |  3.0
Dodging        | 2 |  2.8

Action                     |  1- 3 |  4- 6 |  7- 9 | 10-12 | 13-15 || total
---------------------------+-------+-------+-------+-------+-------++-------
  Melee: Hand axe          |    93 |    80 |     4 |       |       ||   177
         Punch             |       |     1 |     8 |     3 |       ||    12
         Unarmed           |       |       |   260 |   493 |   320 ||  1073
 Invoke: Berserk           |     1 |     3 |     7 |     8 |     5 ||    24
         Trog's Hand       |       |       |       |       |     2 ||     2
  Evoke: Wand              |       |       |       |       |     2 ||     2
    Use: Scroll            |       |       |       |     5 |       ||     5
 Armour: Leather armour    |     8 |       |       |       |       ||     8
         Animal skin       |     5 |       |       |       |       ||     5
         Scale mail        |    42 |    50 |       |       |       ||    92
         Ring mail         |       |    12 |   151 |   393 |   231 ||   787
  Dodge: Dodged            |    44 |    34 |   116 |   206 |    83 ||   483
         Repelled          |       |       |     4 |     2 |     3 ||     9
  Block: Kite shield       |       |       |       |   223 |   134 ||   357

Table legend: (Time is in decaauts)
 A = Elapsed time spent in this place.
 B = Non-inter-level travel time spent in this place.
 C = Inter-level travel time spent in this place.
 D = Time resting spent in this place.
 E = Time spent auto-exploring this place.
 F = Levels seen in this place.
 G = Mean time per level.
                   A        B        C        D        E       F      G
               +--------+--------+--------+--------+--------+-----+--------+
         Total |  12074 |  11712 |    362 |    751 |   8693 |  17 |  710.2 |
       Dungeon |   7254 |   6971 |    283 |    350 |   5321 |  10 |  725.4 |
        Temple |      1 |      1 |      0 |      0 |      0 |   1 |    1.0 |
          Lair |   4430 |   4351 |     79 |    355 |   3201 |   5 |  886.0 |
         Abyss |    388 |    388 |      0 |     45 |    170 |   1 |  388.0 |
               +--------+--------+--------+--------+--------+-----+--------+

Top non-repeatable levels by time:
  Lair:4: 1265 daAuts
     D:6: 1081 daAuts
  Lair:3: 1045 daAuts
     D:8: 1034 daAuts
  Lair:2: 955 daAuts
     D:4: 862 daAuts
     D:1: 827 daAuts
  Lair:1: 792 daAuts
     D:3: 756 daAuts
     D:9: 738 daAuts
     D:2: 729 daAuts
     D:7: 718 daAuts
     D:5: 478 daAuts
 Abyss:3: 388 daAuts
  Lair:5: 371 daAuts
